AoeStats
← ravlyik

Arena

510370721Analyzed
2v2 RM · 3d ago on Sep 30, 2026· 41m 10s· 4 players
Game mode
Random Map
Map size
Medium (4 player)
Population
200
Speed
Normal
Resources
Standard
Victory
Conquest
Starting age
Dark Age
Ending age
Imperial Age
RankedLock teamsTeams togetherTeam positionsShared explorationLock speedFull tech treeHidden civsTurbo modeCheats
Victory
Defeat
🇧🇦 Koreans · Bosnia & Herzegovina
989
+17
🇨🇱 Bohemians · Chile
965
+17
🇨🇦 Slavs · Canada
1000
-51
🇺🇦 Saxons · Ukraine
1000
-51
[PVS] Manu_X
11:05 Feudal Age
12:12 Double-Bit Axe
15:01 Castle Age
12:52 Horse Collar
16:41 Wheelbarrow
15:52 Loom
17:04 Fervor
21:42 Sanctity
21:37 Heavy Plow
28:47 Imperial Age
27:44 Scale Mail Armor
27:33 Town Watch
28:22 Squires
29:37 Chemistry
29:00 Chain Mail Armor
29:01 Forging
28:56 Pikeman
30:18 Plate Mail Armor
30:58 Iron Casting
31:00 Halberdier
31:27 Arson
31:56 Bow Saw
32:17 Fortified Wall
33:01 Town Patrol
34:37 Fletching
35:51 Blast Furnace
35:59 Two-Man Saw
35:05 Elite Skirmisher
37:50 Conscription
39:04 Bodkin Arrow
39:09 Padded Archer Armor
40:16 Houfnice
Extremeborg
12:05 Feudal Age
10:20 Loom
16:49 Castle Age
14:46 Double-Bit Axe
15:08 Horse Collar
16:33 Gold Mining
18:45 Wheelbarrow
23:19 Heavy Plow
23:50 Bow Saw
24:55 Gold Shaft Mining
27:11 Caravan
30:50 Imperial Age
29:13 Ballistics
30:35 Fletching
31:33 Hand Cart
31:04 Town Watch
32:44 Chemistry
32:15 Conscription
32:08 Bodkin Arrow
34:30 Two-Man Saw
34:06 Bracer
34:21 Masonry
34:52 Shinkichon
35:27 Siege Engineers
36:10 Architecture
35:51 Fortified Wall
36:07 Thumb Ring
35:47 Elite War Wagon
36:51 Town Patrol
37:32 Forging
ravlyik
11:54 Feudal Age
15:01 Double-Bit Axe
15:14 Horse Collar
16:24 Scale Mail Armor
24:02 Castle Age
24:53 Bow Saw
24:50 Heavy Plow
30:10 Stone Mining
30:13 Gold Mining
30:13 Treadmill Crane
30:55 Ballistics
30:32 Murder Holes
30:59 Forging
31:06 Chain Mail Armor
30:43 Fletching
30:55 Padded Archer Armor
33:03 Squires
32:50 Gambesons
33:57 Pikeman
39:35 Imperial Age
41:31 Iron Casting
41:28 Plate Mail Armor
maneki_meko
11:42 Feudal Age
18:37 Castle Age
16:58 Double-Bit Axe
17:06 Horse Collar
19:13 Wheelbarrow
24:30 Heavy Plow
24:44 Bow Saw
24:27 Stone Mining
24:30 Gold Mining
31:26 Detinets
34:12 Gold Shaft Mining
35:25 Scale Barding Armor
38:35 Imperial Age
Connection lost

Rejoining the realm…

Still unreachable

The connection could not be restored.

Session expired

The server has moved on; the page needs a fresh start.